 Dungeon Crawl Stone Soup version 0.26-a0-952-g76694b35de (webtiles) character file.

Game seed: 15095714354302657636

12880 marklar909 the Grappler (level 11, -1/104 HPs)
             Began as a Troll Earth Elementalist on Nov 29, 2020.
             Was a High Priest of Qazlal.
             Slain by a freezing wraith (6 damage)
             ... in an ice cave.
             The game lasted 00:20:54 (10866 turns).

marklar909 the Grappler (Troll Earth Elementalist) Turns: 10866, Time: 00:20:55

Health: -1/104     AC:  8    Str: 18    XL:     11   Next: 68%
Magic:  13/13      EV: 13    Int: 11    God:    Qazlal [*****.]
Gold:   148        SH:  7    Dex: 13    Spells: 3/14 levels left

rFire    . . .     SeeInvis +     - Unarmed
rCold    + + .     Faith    .   (no shield)
rNeg     . . .     Spirit   .   y - +2 robe {rC+}
rPois    .         Reflect  .   (helmet restricted)
rElec    .         Harm     .   g - scarf {+Inv}
rCorr    .         Rampage  .   (gloves unavailable)
MR       .....                  (boots unavailable)
Stlth    +.........             v - amulet of magic regeneration
HPRegen  0.67/turn              o - ring of wizardry
MPRegen  0.38/turn              c - ring of see invisible

@: protected from cold, hasted and slowed, repel missiles
A: large, unfitting armour, claws 3, regeneration 1, shaggy fur 1, tough skin 3
a: Upheaval, Elemental Force, Disaster Area, Renounce Religion, Evoke
Invisibility


You were in an ice cave.
You worshipped Qazlal.
Qazlal was extremely pleased with you.
You visited 2 branches of the dungeon, and saw 12 of its levels.
You also visited: Sewer and Ice Cave.

You collected 553 gold pieces.
You spent 405 gold pieces at shops.

Inventory:

Missiles
 b - 229 stones (quivered)
 w - 8 large rocks
Armour
 g - a scarf of invisibility (worn)
 y - a +2 robe of cold resistance (worn)
 H - a +0 troll leather armour
 K - a +0 tower shield
Jewellery
 c - a ring of see invisible (right claw)
 o - a ring of wizardry (left claw)
 v - an amulet of magic regeneration (around neck)
 O - a cursed ring of attention {unknown}
Wands
 i - a wand of iceblast (24)
 n - a wand of paralysis (5)
 p - a wand of digging (3)
 z - a wand of flame (4)
 E - a wand of acid (15)
Scrolls
 a - 5 scrolls of fog
 d - a scroll of enchant armour {unknown}
 f - a scroll of summoning {unknown}
 j - 4 scrolls of remove curse
 k - a scroll of blinking {unknown}
 m - a scroll of enchant weapon {unknown}
 r - 7 scrolls of identify
 s - 3 scrolls of immolation
 t - a scroll of teleportation {unknown}
 C - a scroll of amnesia {unknown}
 D - a scroll of magic mapping {unknown}
 I - a scroll of torment {unknown}
 J - a scroll of random uselessness {unknown}
 M - 3 scrolls of brand weapon {unknown}
Potions
 e - a potion of resistance
 h - 3 potions of curing
 l - a potion of magic {unknown}
 u - 2 potions of lignification {unknown}
 A - a potion of flight {unknown}
 B - 2 potions of might
 F - a potion of attraction {unknown}
 G - a potion of brilliance
Miscellaneous
 L - a lightning rod (4/4)
 N - a condenser vane (inert)


   Skills:
 * Level 5.3 Fighting
 + Level 0.1 Throwing
 * Level 3.5 Armour
 * Level 7.1 Dodging
 - Level 1.3 Stealth
 * Level 4.8 Shields
 + Level 9.4 Unarmed Combat
 + Level 2.3 Spellcasting
 + Level 0.6 Transmutations
 + Level 4.2 Earth Magic
 * Level 4.9 Invocations
 * Level 5.0 Evocations


You had 3 spell levels left.
You knew the following spells:

 Your Spells              Type           Power        Failure   Level
a - Sandblast             Erth           ##....       1%          1
b - Stone Arrow           Conj/Erth      #.....       14%         3
c - Passwall              Tmut/Erth      #.......     6%          2
d - Lee's Rapid Deconstr  Erth           ##........   45%         5

Your spell library contained the following spells:

 Spells                   Type           Power        Failure   Level
 Sting                    Tmut/Pois      #...         11%         1
 Animate Skeleton         Necr           #.....       12%         1
 Apportation              Tloc           #.....       12%         1
 Corona                   Hex            #......      12%         1
 Foxfire                  Conj/Fire      #...         12%         1
 Freeze                   Ice            #...         12%         1
 Summon Small Mammal      Summ           #...         12%         1
 Ignite Poison            Fire/Tmut/Pois #.......     30%         3
 Frozen Ramparts          Ice            #.....       32%         3
 Ozocubu's Armour         Ice            #.......     32%         3
 Petrify                  Tmut/Erth      #.......     38%         4
 Sticky Flame             Conj/Fire      #.......     69%         4
 Alistair's Intoxication  Tmut/Pois      #........    93%         5
 Metabolic Englaciation   Hex/Ice        #.........   95%         5
 Ozocubu's Refrigeration  Ice            #.........   100%        6


Dungeon Overview and Level Annotations

Branches:
Dungeon (11/15)            Temple (1/1) D:4            Lair (0/6) D:9
  Sewer (visited)           IceCv (1/1)
    Orc: D:9-12

Altars:
Ashenzari
Cheibriados
Dithmenos
Elyvilon
Fedhas
Gozag
Hepliaklqana
Kikubaaqudgha
Makhleb
Nemelex Xobeh
Qazlal
Ru
Sif Muna
Trog
Uskayaw
Vehumet
Wu Jian
Xom
Yredelemnul
Zin
The Shining One

Shops:
D:4 *[!   D:7 !   D:8 =

Annotations:
D:6 3 runed translucent doors, Maimakterion's ghost, amateur DsGl


Innate Abilities, Weirdness & Mutations

You are too large for most types of armour.
You have claws for hands.
Your natural rate of healing is unusually fast.
You are covered in fur. (AC +1)
You have extremely tough skin. (AC +3)


Message History

Okay, then.
You feel much better. The freezing wraith hits you.
* * * LOW HITPOINT WARNING * * *
The freezing wraith freezes you. You resist.
* * * LOW HITPOINT WARNING * * *
The freezing wraith hits you but does no damage.
You block the freezing wraith's attack. The freezing wraith closely misses you.
Unknown command.
You feel yourself speed up.
The freezing wraith is struck by lightning.
The freezing wraith closely misses you. The freezing wraith hits you.
* * * LOW HITPOINT WARNING * * *
Unknown command.
You barely miss the freezing wraith.
The freezing wraith is heavily damaged.
The freezing wraith hits you!
* * * LOW HITPOINT WARNING * * *
The freezing wraith freezes you. You resist.
You feel more protected from cold.
You die...

###### ###W§§§##
#..§§W§.#
#...###@.## #..
##..## . ##..##
#...# #..## #####
#...### ###...####
##....###........##
##...............##
####.............#


You could see 2 freezing wraiths.

Vanquished Creatures
  Fannar (D:10)
  An unseen horror (D:10)
  An orc knight (D:10)
  A cyclops (D:10)
  Maurice (D:11)
  A centaur skeleton (D:10)
  A rime drake (D:11)
  A yaktaur (D:10)
  A freezing wraith (IceCv)
  3 trolls
  A wraith (D:10)
  Duvessa (D:6)
  7 ice beasts
  2 sky beasts
  8 orc warriors
  A hornet zombie (D:10)
  3 black bears
  2 necrophages (D:9)
  9 ogres
  10 centaurs
  2 phantoms
  4 wolves (D:9)
  7 bullfrogs
  Dowan (D:6)
  A wyvern skeleton (D:7)
  6 killer bees (D:9)
  A swamp dragon simulacrum (IceCv)
  5 jellies
  22 wights
  4 howler monkeys
  A quasit (D:4)
  5 bullfrog skeletons
  A centaur zombie (D:10)
  14 orc priests
  7 hounds
  Jessica (D:2)
  3 iguanas
  Natasha (thrice) (D:2)
  17 orc wizards
  8 worker ants
  3 polar bear simulacra (IceCv)
  2 hound skeletons
  A howler monkey zombie (D:7)
  Robin (D:2)
  3 gnolls (D:5)
  20 adders
  4 shadow imps
  9 white imps
  2 ufetubi (D:6)
  6 oozes
  A worm (D:3)
  4 dart slugs
  19 leopard geckos
  61 orcs
  10 bats
  17 giant cockroaches
  6 hobgoblins
  3 jackals (D:8)
  5 quokkas
  21 ball pythons
  14 frilled lizards
  15 goblins
  A jackal skeleton (D:7)
  8 kobolds
  11 rats
416 creatures vanquished.

Vanquished Creatures (others)
  An orc (D:11)
1 creature vanquished.

Grand Total: 417 creatures vanquished

Notes
Turn   | Place    | Note
-------+----------+-------------------------------------------
     0 | D:1      | marklar909 the Troll Earth Elementalist began the quest for
                  | the Orb.
     0 | D:1      | Reached XP level 1. HP: 16/16 MP: 1/1
    11 | D:1      | Noticed an electric eel
   179 | D:1      | Reached XP level 2. HP: 24/24 MP: 3/3
   557 | D:2      | Noticed Natasha
   571 | D:2      | Killed Natasha
   572 | D:2      | Reached XP level 3. HP: 14/31 MP: 0/4
   624 | D:2      | Noticed Natasha
   635 | D:2      | Killed Natasha
   637 | D:2      | Reached XP level 4. HP: 31/40 MP: 1/5
   714 | D:2      | You fall into a shaft and drop 2 floors!
   762 | D:4      | Found a staircase to the Ecumenical Temple.
   787 | D:4      | Reached skill level 1 in Unarmed Combat
   793 | Temple   | Entered the Ecumenical Temple
   834 | Temple   | Became a worshipper of Qazlal Stormbringer
   871 | D:4      | Found Oplaci's General Store.
   885 | D:4      | Found a glowing drain.
   912 | D:4      | Reached skill level 1 in Evocations
   912 | D:4      | Reached XP level 5. HP: 32/46 MP: 4/6
   934 | Sewer    | Entered a sewer
  1013 | Sewer    | Reached * piety under Qazlal
  1062 | Sewer    | Reached skill level 1 in Fighting
  1180 | Sewer    | Reached ** piety under Qazlal
  1334 | Sewer    | Reached XP level 6. HP: 55/55 MP: 7/7
  1455 | D:4      | Reached skill level 2 in Unarmed Combat
  1520 | D:3      | Reached XP level 7. HP: 50/63 MP: 8/8
  1635 | D:3      | Reached *** piety under Qazlal
  1972 | D:3      | Found a white marble altar of Elyvilon.
  2001 | D:3      | Reached skill level 3 in Unarmed Combat
  2372 | D:2      | Found a shimmering blue altar of Sif Muna.
  2394 | D:2      | Noticed Robin
  2414 | D:2      | Killed Robin
  2670 | D:2      | Noticed Jessica
  2681 | D:2      | Killed Jessica
  2681 | D:2      | Reached **** piety under Qazlal
  2830 | D:2      | Noticed Natasha
  2833 | D:2      | Killed Natasha
  3052 | D:4      | Reached skill level 1 in Shields
  3253 | D:4      | Reached skill level 4 in Unarmed Combat
  3253 | D:4      | Reached XP level 8. HP: 72/72 MP: 9/9
  3513 | D:4      | Found Cimogudgh's Antique Armour Boutique.
  3533 | D:4      | Found Vaxeb's Distillery.
  3540 | D:4      | Bought a potion of curing for 33 gold pieces
  3540 | D:4      | Bought a potion of heal wounds for 55 gold pieces
  3540 | D:4      | Bought a potion of degeneration for 11 gold pieces
  3704 | D:5      | Entered Level 5 of the Dungeon
  3718 | D:5      | Reached skill level 1 in Invocations
  4132 | D:5      | Reached skill level 5 in Unarmed Combat
  4153 | D:5      | Reached ***** piety under Qazlal
  4200 | D:5      | Found a shadowy altar of Dithmenos.
  4812 | D:5      | Found a sacrificial altar of Ru.
  5152 | D:5      | Reached XP level 9. HP: 55/81 MP: 6/11
  5226 | D:6      | Found a hazy altar of Hepliaklqana.
  5247 | D:6      | Reached skill level 5 in Dodging
  5337 | D:6      | Reached skill level 6 in Unarmed Combat
  5465 | D:6      | Noticed Duvessa
  5474 | D:6      | Noticed Dowan
  5491 | D:6      | Killed Duvessa
  5505 | D:6      | Killed Dowan
  5730 | D:6      | Found a burning altar of Makhleb.
  5812 | D:6      | Found a runed translucent gate.
  5813 | D:6      | Found a runed translucent gate.
  5817 | D:6      | Found a runed translucent gate.
  5817 | D:6      | Noticed Maimakterion's ghost (amateur DsGl)
  6002 | D:6      | Found a sparkling altar of Nemelex Xobeh.
  6249 | D:7      | Found a glowing silver altar of Zin.
  6389 | D:7      | Reached skill level 7 in Unarmed Combat
  6476 | D:7      | Reached XP level 10. HP: 57/92 MP: 12/12
  6804 | D:7      | Found Jaofyaz's Distillery.
  6811 | D:7      | Bought a potion of might for 48 gold pieces
  6811 | D:7      | Bought a potion of brilliance for 48 gold pieces
  6858 | D:7      | Found an ancient bone altar of Kikubaaqudgha.
  7442 | D:8      | Found a stormy altar of Qazlal.
  7574 | D:8      | Found an ornate altar of the Wu Jian Council.
  7856 | D:8      | Found Qiteisu's Jewellery Boutique.
  7862 | D:8      | Bought an uncursed ring of see invisible for 210 gold
                  | pieces
  7867 | D:8      | Learned a level 3 spell: Stone Arrow
  7870 | D:8      | Learned a level 2 spell: Passwall
  7876 | D:8      | Learned a level 5 spell: Lee's Rapid Deconstruction
  8212 | D:9      | Reached skill level 1 in Armour
  8397 | D:9      | Reached skill level 8 in Unarmed Combat
  8456 | D:9      | Found a staircase to the Lair.
  8917 | D:10     | Entered Level 10 of the Dungeon
  8924 | D:10     | Noticed Fannar
  8934 | D:10     | Killed Fannar
  8935 | D:10     | Reached XP level 11. HP: 62/101 MP: 13/13
  9115 | D:10     | Reached skill level 5 in Fighting
  9203 | D:10     | Noticed an orc knight
  9237 | D:10     | HP: 4/102 [orc knight/+0 battleaxe (24)]
  9311 | D:10     | Killed an orc knight
  9436 | D:10     | Noticed an unseen horror
  9458 | D:10     | Killed an unseen horror
  9596 | D:10     | Reached skill level 9 in Unarmed Combat
  9706 | D:10     | Identified the Catalogue of Freezing Fire
 10195 | D:11     | Noticed Maurice
 10209 | D:11     | Killed Maurice
 10648 | D:11     | Identified the Catalogue of Toxins and Execration
 10726 | D:11     | Found a frozen archway.
 10735 | IceCv    | Entered an ice cave
 10864 | IceCv    | Reached skill level 5 in Evocations
 10866 | IceCv    | HP: 5/104 [freezing wraith (13)]
 10866 | IceCv    | Slain by a freezing wraith

Illustrated notes

Levels and vault maps discovered:
D:1:      arrival_aquarium_a, layout_loops_ring, minmay_tripent
D:2:      layout_rooms, led_sif_pool, kennysheep_cross_bottleneck, uniq_natasha,
          uniq_robin, uniq_jessica
D:3:      layout_loops_corners, lemuel_doored_altar
D:4:      layout_cave_pods, minmay_temple_entry_stoned_glass,
          cheibrodos_sewer_entry_sluice, serial_shops, nicolae_shop_crystal,
          nicolae_shop_crystal, shop
D:5:      minmay_angry_zag, layout_loops_corners,
          grunt_dithmenos_smoke_and_mirrors, amethyst_killhole,
          nicolae_ru_the_path_less_chosen
D:6:      layout_cave_pools, nicolae_overflow_crystal_walls,
          nemelex_xobeh_ov_fountains_minmay, lemuel_coloured_pillars_altar,
          gammafunk_ghost_split, uniq_duvessa
D:7:      layout_basic, kennysheep_mini, serial_curves, eino_curves_04,
          eino_curves_04, basic_altar, serial_shops, shop
D:8:      layout_loops_cross, overflow_temple_1_default, serial_rivers,
          chequers_serial_rivers_small_a, chequers_serial_rivers_room_b,
          chequers_serial_rivers_small_3, chequers_serial_rivers_room_a,
          chequers_serial_rivers_small_a, chequers_serial_rivers_micro_c,
          basic_altar, serial_shops, nicolae_shop_waterfront
D:9:      layout_loops_ring, erik_lair_island
D:10:     minmay_tri_box, layout_loops_ring, hangedman_decor_opposing,
          uniq_fannar
D:11:     layout_loops_corners, enter_bailey_2, portal_ice_cave_rime,
          uniq_maurice, uniq_harold
Temple:   eino_temple_lava
IceCv:    ice_cave_small_necro

Skill      XL: |  1  2  3  4  5  6  7  8  9 10 11 |
---------------+----------------------------------+-----
Earth Magic    | 3 4 |  4.2
Dodging        | 2 3 4 5 6 7 |  7.1
Unarmed Combat | 1 2 4 5 7 8 9 |  9.4
Evocations     | 1 2 3 4 5 |  5.0
Fighting       | 1 2 3 4 5 |  5.3
Shields        | 1 2 3 4 |  4.8
Invocations    | 2 3 4 |  4.9
Spellcasting   | 2 |  2.3
Armour         | 2 3 |  3.5
Throwing       | |  0.1
Stealth        | |  1.3
Transmutations | |  0.6

Action                   |  1- 3 |  4- 6 |  7- 9 | 10-12 || total
-------------------------+-------+-------+-------+-------++-------
Melee: Unarmed           |    45 |   250 |   505 |   486 ||  1286
       Punch             |       |     1 |    12 |    14 ||    27
Throw: Stone             |       |     1 |       |       ||     1
 Cast: Sandblast         |    10 |    19 |    10 |    26 ||    65
Invok: Upheaval          |       |       |     3 |     6 ||     9
 Abil: Evoke Invisibilit |       |       |       |     3 ||     3
Evoke: Wand              |       |       |       |     4 ||     4
       Condenser vane    |       |       |       |     1 ||     1
  Use: Scroll            |       |       |     4 |     2 ||     6
       Potion            |       |       |       |     4 ||     4
 Stab: Invisible         |       |       |       |    10 ||    10
       Paralysed         |       |       |       |     2 ||     2
Armor: Robe              |    22 |   170 |   140 |    83 ||   415
       Skin              |       |       |     1 |       ||     1
       Troll leather arm |       |       |       |    44 ||    44
Dodge: Dodged            |    31 |   225 |   247 |   267 ||   770
       Repelled          |       |       |     3 |     8 ||    11
Block: Other             |       |    13 |    97 |   153 ||   263

Table legend: (Time is in decaauts)
 A = Elapsed time spent in this place.
 B = Non-inter-level travel time spent in this place.
 C = Inter-level travel time spent in this place.
 D = Time resting spent in this place.
 E = Time spent auto-exploring this place.
 F = Levels seen in this place.
 G = Mean time per level.
                   A        B        C        D        E       F      G
               +--------+--------+--------+--------+--------+-----+--------+
         Total |  10853 |  10124 |    729 |    385 |   7225 |  14 |  775.2 |
       Dungeon |  10148 |   9438 |    710 |    369 |   6917 |  11 |  922.5 |
        Temple |     50 |     31 |     19 |      0 |     29 |   1 |   50.0 |
         Sewer |    527 |    527 |      0 |     16 |    204 |   1 |  527.0 |
      Ice Cave |    127 |    127 |      0 |      0 |     75 |   1 |  127.0 |
               +--------+--------+--------+--------+--------+-----+--------+

Top non-repeatable levels by time:
     D:5: 1392 daAuts
    D:10: 1363 daAuts
     D:4: 1044 daAuts
     D:7: 1022 daAuts
     D:6: 953 daAuts
     D:8: 939 daAuts
     D:3: 851 daAuts
     D:2: 845 daAuts
     D:9: 750 daAuts
     D:1: 554 daAuts
   Sewer: 527 daAuts
    D:11: 431 daAuts
   IceCv: 127 daAuts
  Temple: 50 daAuts
